 Dungeon Crawl Stone Soup version 0.30.1-1-g62c8e00024 (webtiles) character file.

Game seed: 16767443617928760206

180 Descartes the Digger (level 5, -13/28 HPs)
             Began as a Deep Elf Earth Elementalist on July 16, 2023.
             Killed by divine providence
             ... invoked by an orc priest
              (14 damage)
             ... on level 3 of the Dungeon.
             The game lasted 00:04:22 (2182 turns).

Descartes the Digger (Deep Elf Earth Elementalist)  Turns: 2182, Time: 00:04:23

Health: -13/28     AC:  6    Str:  7    XL:     5   Next: 33%
Magic:  11/13      EV: 12    Int: 20    God:
Gold:   169        SH:  0    Dex: 15    Spells: 12/13 levels left

rFire   + + .        s - staff of earth
rCold   . . .        (no shield)
rNeg    . . .        a - +0 robe
rPois   +            b - +2 helmet {SInv}
rElec   .            v - +0 cloak {rPois}
rCorr   .            (no gloves)
SInv    +            (no boots)
Will    .....        (no amulet)
Stlth   ++           j - ring of Beon Nid {Wiz rF++}
HPRegen 0.24/turn    (no ring)
MPRegen 0.13/turn

%: wizardry (x1)
@: no status effects
A: no striking features
a: no special abilities


You were on level 3 of the Dungeon.
You visited 1 branch of the dungeon, and saw 3 of its levels.

You collected 169 gold pieces.

Inventory:

Hand Weapons
 u - a +4 quarterstaff of chaos
Armour
 a - a +0 robe (worn)
 b - a +2 helmet of see invisible (worn)
 l - the +2 chain mail "Xiptanoso" {rCorr Str-3 Dex+5 Slay+5}
   (You found it on level 2 of the Dungeon)

   Str:       It affects your strength (-3).
   Dex:       It affects your dexterity (+5).
   Slay:      It affects your accuracy & damage with ranged weapons and melee
   (+5).
   rCorr:     It protects you from acid and corrosion.
 v - a +0 cloak of poison resistance (worn)
Magical Staves
 s - a staff of earth (weapon)
Jewellery
 j - the ring of Beon Nid (left hand) {Wiz rF++}
   (You found it on level 2 of the Dungeon)

   [ring of wizardry]

   It improves your spell success rate.
   rF:        It greatly protects you from fire.
 q - an amulet of faith
Wands
 w - a wand of light (10)
Scrolls
 c - 4 scrolls of enchant weapon {unknown}
 d - 2 scrolls of teleportation {unknown}
 e - 2 scrolls of magic mapping {unknown}
 f - a scroll of noise {unknown}
 g - a scroll of poison {unknown}
 h - a scroll of silence {unknown}
 o - a scroll of blinking {unknown}
 p - a scroll of vulnerability {unknown}
 t - a scroll of identify {unknown}
Potions
 i - a potion of brilliance {unknown}
 k - 2 potions of berserk rage {unknown}
 m - a potion of lignification {unknown}
 n - a potion of attraction {unknown}
 r - a potion of mutation {unknown}


   Skills:
 - Level 2.4 Dodging
 - Level 2.4 Stealth
 + Level 4.5 Spellcasting
 + Level 2.4 Conjurations
 - Level 1.1 Transmutations
 * Level 5.3 Earth Magic


You had 12 spell levels left.
You knew the following spells:

 Your Spells              Type           Power      Damage    Failure   Level
a - Sandblast             Erth           78%        2d17      1%          1

Your spell library contained the following spells:

 Spells                   Type           Power      Damage    Failure   Level
 Magic Dart               Conj           56%        1d5       1%          1
 Passwall                 Tmut/Erth      21%        N/A       1%          2
 Beastly Appendage        Tmut           16%        N/A       3%          1
 Stone Arrow              Conj/Erth      60%        3d10      3%          3
 Necrotise                Necr           16%        1d4       4%          1
 Wereblood                Tmut           8%         N/A       4%          2
 Call Imp                 Summ           8%         N/A       8%          2
 Poisonous Vapours        Pois/Air       8%         N/A       8%          2
 Mephitic Cloud           Conj/Pois/Air  7%         N/A       11%         3
 Spider Form              Tmut/Pois      6%         N/A       12%         3
 Petrify                  Tmut/Erth      26%        N/A       13%         4
 Call Canine Familiar     Summ           4%         N/A       16%         3
 Portal Projectile        Hex/Tloc       8%         N/A       16%         3
 Vampiric Draining        Necr           4%         2d6       16%         3
 Leda's Liquefaction      Hex/Erth       11%        N/A       16%         4
 Borgnjor's Vile Clutch   Necr/Erth      11%        N/A       41%         5
 Animate Dead             Necr           4%         N/A       43%         4
 Freezing Cloud           Conj/Ice/Air   3%         6-21      65%         5
 Agony                    Necr           4%         N/A       77%         5
 Death Channel            Necr           2%         N/A       99%         6


Dungeon Overview and Level Annotations

Branches:
Dungeon (3/15)

Altars:
Ashenzari


Message History

Casting: Sandblast (safe; 1% risk of failure)
Confirm with . or Enter, or press ? or * to list all spells.
Aiming: Sandblast (safe; 1% risk of failure)
Press: ? - help, Shift-Dir - straight line, f - bat
Aim: a bat (76% to hit)
You feel a surge of power!
The blast of sand hits the bat!!
You kill the bat!
An orc comes into view. It is wielding a +0 club.
An orc is nearby!
An orc comes into view. It is wielding a +0 club.
An orc comes into view. It is wielding a +0 flail.
An orc priest comes into view. It is wielding a +0 short sword.
Casting: Sandblast (safe; 1% risk of failure)
Confirm with . or Enter, or press ? or * to list all spells.
Aiming: Sandblast (safe; 1% risk of failure)
Press: ? - help, Shift-Dir - straight line, f - orc
Aim: an orc, wielding a +0 club and wearing a +0 ring mail (86% to hit)
You feel a surge of power!
The blast of sand misses the orc.
The orc shouts! x2; The orc priest shouts!
A dart slug comes into view.
The orc priest mumbles some strange prayers to Beogh against you.
Beogh smites you!
Ouch! That really hurt!
The orc throws a stone.
The stone hits you but does no damage.
Casting: Sandblast (safe; 1% risk of failure)
Confirm with . or Enter, or press ? or * to list all spells.
Aiming: Sandblast (safe; 1% risk of failure)
Press: ? - help, Shift-Dir - straight line, f/p - orc
Aim: an orc, wielding a +0 club and wearing a +0 ring mail (86% to hit)
You feel a surge of power!
The blast of sand hits the orc.
The orc is severely wounded.
The dart slug launches a dart at you. The slug dart misses you.
The orc priest invokes the aid of Beogh against you.
Beogh smites you!
* * * LOW HITPOINT WARNING * * *
The orc priest calls down the wrath of Beogh upon you.
Beogh smites you!
Ouch! That really hurt!
You die...

#............#
#####............#
#................# #
#....##.#..#'##### #.
#....##.#..#.# ###.##
#....##.#..#.#
......##....##.#..#.#
.......#.†..##.#..#.#
........@...##.#....#
..o.........##.#.########
.......o.................
...............#.########
....o............# .....
.................# #####
...........###...# #
.ow........# #...# #
............ .....# #.#.#


You could see an orc priest, a dart slug and 3 orcs.

Vanquished Creatures
  Crazy Yiuf (D:2)
  Natasha (twice) (D:2)
  Robin (D:2)
  3 adders (D:2)
  2 worms
  A dart slug (D:2)
  2 ball pythons
  5 bats
  5 endoplasms
  2 giant cockroaches
  9 hobgoblins
  A quokka (D:1)
  A frilled lizard (D:2)
  13 goblins
  4 kobolds (D:2)
  2 rats (D:1)
54 creatures vanquished.

Notes
Turn   | Place    | Note
-------+----------+-------------------------------------------
     0 | D:1      | Descartes the Deep Elf Earth Elementalist began the quest
                  | for the Orb.
     0 | D:1      | Reached XP level 1. HP: 10/10 MP: 6/6
   166 | D:1      | Found a faded altar of an unknown god.
   315 | D:1      | Reached XP level 2. HP: 15/15 MP: 4/8
   850 | D:2      | Identified the ring of Beon Nid {Wiz rF++}
   931 | D:2      | Reached skill level 4 in Earth Magic
   934 | D:2      | Identified the +2 chain mail "Xiptanoso" {rCorr Str-3 Dex+5
                  | Slay+5}
   988 | D:2      | Found a broken altar of Ashenzari.
  1010 | D:2      | Reached skill level 1 in Conjurations
  1010 | D:2      | Reached XP level 3. HP: 19/19 MP: 8/10
  1203 | D:2      | Noticed Robin
  1221 | D:2      | Killed Robin
  1222 | D:2      | Reached XP level 4. HP: 11/24 MP: 10/12
  1566 | D:2      | Found a runed translucent door.
  1567 | D:2      | Noticed Crazy Yiuf
  1706 | D:2      | Noticed Natasha
  1711 | D:2      | Killed Natasha
  1712 | D:2      | Reached skill level 5 in Earth Magic
  1838 | D:2      | Noticed Natasha
  1841 | D:2      | Killed Natasha
  1842 | D:2      | Reached XP level 5. HP: 28/28 MP: 10/13
  1915 | D:2      | Killed Crazy Yiuf
  2181 | D:3      | HP: 1/28 [orc priest/divine providence (11)]
  2182 | D:3      | Killed from afar by an orc priest

Illustrated notes

Levels and vault maps discovered:
D:1:      spicycebolla_green_bress_n_ham_2, layout_basic,
          ebering_ecumenical_altar_rust, nrook_campfire,
          minmay_misc_feat_encased, minmay_3d_cube
D:2:      layout_basic, basic_altar, kennysheep_path_1, uniq_crazy_yiuf_cottage,
          uniq_robin, uniq_natasha
D:3:      layout_basic, grunt_temple_overflow_forces_of_nature, glass_columns_b

Skill      XL: |  1  2  3  4 |
---------------+-------------+-----
Earth Magic    | 4 5 |  5.3
Conjurations   | 1 2 |  2.4
Spellcasting   | 4 |  4.5
Dodging        | |  2.4
Stealth        | |  2.4
Transmutations | |  1.1

Action                     |  1- 3 |  4- 6 || total
---------------------------+-------+-------++-------
   Cast: Sandblast         |    46 |    30 ||    76
    Use: Potion            |     1 |       ||     1
 Armour: Robe              |     5 |     1 ||     6
  Dodge: Dodged            |    18 |     4 ||    22
